 Dungeon Crawl Stone Soup version 0.27.1-3-gb3d3a73c9e (webtiles) character file.

Game seed: 13654506475235677627

240 Urokeeper the Sneak (level 6, 0/31 (35) HPs)
             Began as a Kobold Hunter on Oct 14, 2021.
             Slain by a wight (4 damage)
             ... on level 4 of the Dungeon.
             The game lasted 00:10:48 (3305 turns).

Urokeeper the Sneak (Kobold Hunter)                 Turns: 3305, Time: 00:10:49

HP:   0/31 (35)     AC:  4    Str: 10    XL:     6   Next: 30%
MP:   6/6           EV: 16    Int: 12    God:
Gold: 92            SH:  0    Dex: 17    Spells: 5/5 levels left

rFire    . . .     SeeInvis .   n - +6 club
rCold    . . .     Faith    .   (shield restricted)
rNeg     . . .     Spirit   .   c - +0 leather armour
rPois    .         Reflect  .   q - +0 hat
rElec    .         Harm     .   (no cloak)
rCorr    .         Rampage  .   (no gloves)
Will     .....                  h - +0 pair of boots
Stlth    ++++......             (no amulet)
HPRegen  0.10/turn              (no ring)
MPRegen  0.10/turn              (no ring)

@: heavily drained
A: small, no large weapons, nightstalker 3
a: no special abilities


You were on level 4 of the Dungeon.
You visited 1 branch of the dungeon, and saw 4 of its levels.

You collected 92 gold pieces.

Inventory:

Hand Weapons
 a - a +1 hand crossbow
 b - a +0 short sword
 i - a +3 scimitar
 k - a +0 falchion
 n - a +6 club (weapon)
 r - a +2 dagger
Missiles
 d - 27 bolts
Armour
 c - a +0 leather armour (worn)
 h - a +0 pair of boots (worn)
 q - a +0 hat (worn)
Scrolls
 e - a scroll of brand weapon
 f - a scroll of blinking
 l - a scroll of enchant weapon
 o - a scroll of holy word
Potions
 g - 2 potions of might {unknown}
 j - a potion of lignification {unknown}
 m - 2 potions of curing {unknown}
 p - 2 potions of haste {unknown}


   Skills:
 - Level 2.1 Fighting
 - Level 5.9 Crossbows
 + Level 4.3 Dodging
 + Level 6.0 Stealth


You had 5 spell levels left.
You didn't know any spells.
Your spell library contained the following spells:

 Spells                   Type           Power      Damage    Failure   Level
 Freeze                   Ice            0%         1d3       41%         1
 Frozen Ramparts          Ice            0%         1d2       80%         3
 Hailstorm                Conj/Ice       0%         3d3       99%         4


Dungeon Overview and Level Annotations

Branches:
Dungeon (4/15)
 Temple: D:4-7

Altars:
Vehumet

Shops:
D:3 !

Annotations:
D:3 3 runed translucent doors


Innate Abilities, Weirdness & Mutations

You are small and have problems with some larger weapons.
You are completely attuned to the shadows.


Message History

The wight closely misses you. The wight completely misses you.
Fire: 24 bolts
Press: ? - help, Q - select action Shift-Dir - straight line, f/p - wight
Aim: a wight, wielding a +2 dagger and wearing a +0 robe (severely damaged, 67% to hit)
You shoot a bolt. The bolt hits the wight!
You destroy the wight!
Your life force feels restored.
Your Dodging skill increases to level 4!
Your Stealth skill increases to level 6!
You start resting.
HP restored.
d - 24 bolts (gained 1)
Things that are here:
a +0 robe; a +3 scimitar
Things that are here:
a +0 robe; a +3 scimitar
i - a +3 scimitar
d - 27 bolts (gained 3)
Things that are here:
a +2 dagger; a +0 robe
r - a +2 dagger 2 wights come into view.
You see here a bolt.
r - a +2 dagger (weapon)
You see here a bolt.
n - a +6 club (weapon)
You closely miss the wight. The wight hits you with a +3 mace.
You hit the wight.
The wight is lightly damaged.
The wight hits you with a +3 mace!
You feel drained.
You hit the wight.
The wight is moderately damaged.
The wight hits you with a +3 mace!
* * * LOW HITPOINT WARNING * * *
You feel drained.
* * * LOW HITPOINT WARNING * * *
You hit the wight.
The wight is moderately damaged.
The wight hits you with a +3 mace.
You die...

##########
.........#
###..###.#
#....##.#
#..[.##.#
#@[..##[#
#z...##.#
z.((.(....<#
####.##.####
#..... ###


You could see a wight.

Vanquished Creatures
  3 wights (D:4)
  A hound (D:4)
  Jessica (D:2)
  A worm (D:2)
  2 dart slugs (D:1)
  2 orcs (D:3)
  4 ball pythons
  5 bats
  8 endoplasms (D:1)
  2 giant cockroaches
  6 hobgoblins
  4 kobolds
  4 frilled lizards
  5 goblins
  6 rats
54 creatures vanquished.

Vanquished Creatures (others)
  2 fungi (D:2)
  2 plants (D:2)
4 creatures vanquished.

Grand Total: 58 creatures vanquished

Notes
Turn   | Place    | Note
-------+----------+-------------------------------------------
     0 | D:1      | Urokeeper the Kobold Hunter began the quest for the Orb.
     0 | D:1      | Reached XP level 1. HP: 12/12 MP: 1/1
    33 | D:1      | Reached skill level 5 in Crossbows
    63 | D:1      | Reached skill level 2 in Stealth
    96 | D:1      | Reached XP level 2. HP: 17/17 MP: 2/2
   235 | D:1      | Reached XP level 3. HP: 21/21 MP: 3/3
   251 | D:1      | Reached skill level 3 in Stealth
   848 | D:2      | Noticed Jessica
   850 | D:2      | Killed Jessica
   851 | D:2      | Reached skill level 4 in Stealth
   851 | D:2      | Reached XP level 4. HP: 26/26 MP: 4/4
  1565 | D:2      | Found a faded altar of an unknown god.
  1830 | D:3      | Found Susimiac's Distillery.
  2205 | D:3      | Found a runed translucent gate.
  2206 | D:3      | Found a runed translucent gate.
  2207 | D:3      | Found a runed translucent gate.
  2440 | D:3      | Found a radiant altar of Vehumet.
  2547 | D:4      | HP: 1/26 [hound (4)]
  2551 | D:4      | Reached XP level 5. HP: 1/30 MP: 5/5
  2852 | D:4      | Reached skill level 5 in Stealth
  2881 | D:4      | Reached XP level 6. HP: 12/35 MP: 6/6
  3115 | D:4      | Reached skill level 6 in Stealth
  3305 | D:4      | Slain by a wight

Illustrated notes

Levels and vault maps discovered:
D:1:      roderic_dead_forest, layout_rooms, chequers_serial_rivers_micro_d,
          minmay_misc_feat_rows, ebering_dispersal_statue_hall
D:2:      layout_loops_ring, shapermc_ecumenical_altar_mp_ritualfount,
          item_on_display_a, uniq_jessica
D:3:      layout_loops_ring, nicolae_overflow_hidden_temple,
          gammafunk_ghost_cemetery, serial_shops, shop
D:4:      layout_loops_corners, minmay_temple_entry_stoned_glass

Skill      XL: |  1  2  3  4  5  6 |
---------------+-------------------+-----
Crossbows      | 5 |  5.9
Stealth        | 2 4 5 6 |  6.0
Dodging        | 3 4 |  4.3
Fighting       | |  2.1

Action                   |  1- 3 |  4- 6 || total
-------------------------+-------+-------++-------
Melee: Falchion          |       |     8 ||     8
       Club              |       |    11 ||    11
 Fire: Hand crossbow     |    66 |    71 ||   137
  Use: Scroll            |       |     4 ||     4
Armor: Leather armour    |     2 |     6 ||     8
Dodge: Dodged            |    12 |    33 ||    45
